 Dungeon Sprint DCSS version 0.28.0-43-g3370ac3207 (webtiles) character file.

Game seed: 14174111454831018832

322561 boopmooplesden the Conqueror (level 14, 151/151 HPs)
             Began as a Minotaur Berserker on Mar 11, 2022.
             Was the Champion of Trog.
             Escaped with the Orb!
             The game lasted 00:22:17 (7796 turns).

boopmooplesden the Conqueror (Minotaur Berserker)   Turns: 7796, Time: 00:22:18

Health: 151/151    AC: 30    Str: 29    XL:     14   Next: 87%
Magic:  13/13      EV: 19    Int:  8    God:    Trog [******]
Gold:   4206       SH:  0    Dex: 22    Spells: 13/13 levels left

rFire   + . .      SeeInvis +   B - +7 great sword of Noesuerph {flame, rElec rC- rN+ Dex+5}
rCold   x x .      Faith    .   (shield currently unavailable)
rNeg    + + +      Spirit   .   E - +2 plate armour of Myezxiyr {rN+ Dex+4}
rPois   .          Reflect  .   C - +2 hat {SInv}
rElec   +          Harm     .   (no cloak)
rCorr   .          Rampage  +   s - +3 pair of gauntlets of War {Slay+5}
Will    +++++      NoTele   +   K - +2 pair of boots {rampage}
Stlth   ..........              (no amulet)
HPRegen 0.35/turn               F - ring of Tauteol {Drain rN+ Will+++ Str+3 Dex+2}
MPRegen 0.13/turn               y - ring of Vues {rElec rF+ rC- rN+ Int+4}

@: flying (expiring)
A: horns 2, retaliatory headbutt, hooves 1, deformed body, frail 1,
strong-willed 2
0: Orb of Zot
a: Renounce Religion, Berserk, Trog's Hand, Brothers in Arms


You escaped.
You worshipped Trog.
Trog was exalted by your worship.
You visited 1 branch You collected 6078 gold pieces.
You spent 1872 gold pieces at shops.

Inventory:

Hand Weapons
 a - a +0 falchion
 i - a +2 vorpal falchion
 o - the +4 long sword "Fojobos" {vorpal, *Corrode rPois rC+++ Str-4}
   (Trog gifted it to you in the Dungeon)

   It inflicts extra damage upon your enemies.
   Str:       It affects your strength (-4).
   rC:        It renders you almost immune to cold.
   rPois:     It protects you from poison.
   *Corrode:  It may corrode you when you take damage.
 u - the +5 scimitar of the Insatiable Xalams {vorpal, Str+2 Stlth+}
   (Trog gifted it to you in the Dungeon)

   It inflicts extra damage upon your enemies.
   Str:       It affects your strength (+2).
   Stlth:     It makes you more stealthy.
 v - a +7 great sword
 w - a +2 triple sword of flaming
 A - a +2 antimagic triple sword
 B - the +7 great sword of Noesuerph (weapon) {flame, rElec rC- rN+ Dex+5}
   (Trog gifted it to you in the Dungeon)

   It burns those it strikes, dealing additional fire damage.
   Big, fiery blades are also staple armaments of hydra-hunters.
   Dex:       It affects your dexterity (+5).
   rC:        It makes you vulnerable to cold.
   rElec:     It insulates you from electricity.
   rN:        It protects you from negative energy.
 G - the +5 great sword "Giantbane" {vorpal, Str+4}
   (Trog gifted it to you in the Dungeon)

   It inflicts extra damage upon your enemies.
   Str:       It affects your strength (+4).
Armour
 b - a +0 animal skin
 j - a +2 chain mail of fire resistance
 s - the +3 pair of gauntlets of War (worn) {Slay+5}
   (You bought it in a shop in the Dungeon)

   Slay:      It affects your accuracy & damage with ranged weapons and melee
   (+5).
 x - +0 fire dragon scales
 C - a +2 hat of see invisible (worn)
 E - the +2 plate armour of Myezxiyr (worn) {rN+ Dex+4}
   (You found it in the Dungeon)

   Dex:       It affects your dexterity (+4).
   rN:        It protects you from negative energy.
 K - a +2 pair of boots of rampaging (worn)
Jewellery
 h - an amulet of regeneration
 q - a ring of flight
 r - a ring of fire
 t - an amulet of guardian spirit
 y - the ring of Vues (right hand) {rElec rF+ rC- rN+ Int+4}
   (You bought it in a shop in the Dungeon)

   [ring of protection from fire]

   Int:       It affects your intelligence (+4).
   rF:        It protects you from fire.
   rC:        It makes you vulnerable to cold.
   rElec:     It insulates you from electricity.
   rN:        It protects you from negative energy.
 F - the ring of Tauteol (left hand) {Drain rN+ Will+++ Str+3 Dex+2}
   (You found it in the Dungeon)

   [ring of positive energy]

   Str:       It affects your strength (+3).
   Dex:       It affects your dexterity (+2).
   rN:        It protects you from negative energy.
   Drain:     It drains your maximum health when unequipped.
   Will:      It greatly increases your willpower.
 L - the ring of Usagampa {Fly Dex+3}
   (You found it in the Dungeon)

   [ring of flight]

   Dex:       It affects your dexterity (+3).
   Fly:       It grants you flight.
Scrolls
 d - a scroll of enchant weapon {unknown}
 k - 2 scrolls of amnesia
 l - 3 scrolls of identify
 H - 2 scrolls of acquirement {unknown}
Potions
 c - a potion of curing
 e - 8 potions of flight
 f - 14 potions of magic
 g - a potion of berserk rage
 m - a potion of might
 p - a potion of lignification
 z - 25 potions of mutation
 D - 5 potions of haste
 I - a potion of experience {unknown}
 J - a potion of attraction {unknown}
Miscellaneous
 n - a tin of tremorstones (2/2)


   Skills:
 O Level 27 Fighting
 O Level 27 Long Blades
 O Level 27 Armour
 + Level 14.5 Dodging
 + Level 9.6 Stealth


You had 13 spell levels left.
You didn't know any spells.
Your spell library was empty.

Dungeon Overview and Level Annotations

Branches:
Dungeon (1/1)

Altars:
Cheibriados
Dithmenos
Elyvilon
Fedhas
Gozag
Hepliaklqana
Kikubaaqudgha
Makhleb
Nemelex Xobeh
Okawaru
Qazlal
Ru
Sif Muna
Trog
Uskayaw
Vehumet
Wu Jian
Xom
Yredelemnul
Zin
The Shining One
Beogh
Jiyva
Lugonu

Shops:
D (::[![:=?!**::((:!=[([!=!([:*!=:?(

Annotations:
D exclusion: orange crystal statue


Innate Abilities, Weirdness & Mutations

You have a pair of horns on your head.
You reflexively headbutt those who attack you in melee.
You have large cloven feet.
Armour fits poorly on your strangely shaped body.
You are frail. (-10% HP)
You are highly strong-willed. (Will++)


Message History

Your Stealth skill increases to level 9!
The sixfirhy completely misses you. You furiously retaliate!
You headbutt the sixfirhy!!
The sixfirhy hits you but does no damage.
The sixfirhy misses you. You furiously retaliate!
You headbutt the sixfirhy.
You see here a +0 hunting sling.
You carve the sixfirhy like a ham!!! You burn the sixfirhy.
You kill the sixfirhy!
Trog accepts your kill.
Really fly into that net trap? [Y]es or [N]o only, please.
Really fly into that net trap? [Y]es or [N]o only, please.
Really fly into that net trap? [Y]es or [N]o only, please.
Really fly into that net trap?
You avoid being caught in a net.
There is a net trap here.
There is an open door here.
You see here a +3 vorpal great sword.
There is a fountain of blood, spattered with blood here.
Things that are here:
a +0 short sword; a +0 cloak
There is a fountain of blood here.
You are starting to lose your buoyancy.
There is an open door here.
You feel more buoyant.
An angel comes into view.
It is wielding a +2 sacred scourge of holy wrath.
The angel moves out of view.
An Orb Guardian comes into view.
There is an open door, spattered with blood here.
The Orb Guardian closely misses you.
The Orb Guardian hits you but does no damage.
There is an open door here.
You are starting to lose your buoyancy.
There is a staircase leading out of the dungeon here.
The Orb Guardian hits you but does no damage.
The Orb Guardian closely misses you. You furiously retaliate!
You headbutt the Orb Guardian!
You have escaped!

##########≈≈#'''#+++#####....#.##
#########≈≈≈.........#).'..^.#..#
....∩.∩.#≈≈≈≈.##)##..#..####.#..#
...∩.∩..#≈≈≈≈##...##.####.)'.##)#
..∩.∩...#≈≈≈≈#.)#..#....#..#...##
.⌠......#≈≈####.#.####..#####.^##
..∩.∩...#)##.###'###.##..#..'..#°
...∩.∩..#≈#...##.##...#..#).#..#°
....∩.∩.'≈'.##).@X'###'..####^.##
.....∩.∩#≈###.##.##...#....###...
▓▓▓▓▓▓###≈##.###'###.##......≈≈≈≈
..[######≈≈####.#.####≈≈§....≈#'#
...#..')##≈≈≈#.###.#≈≈§≈≈≈≈..≈#..
∩..'÷.#'##'#≈##.#.##≈≈§≈≈§§≈.≈#._
)..#.##≈##.#≈≈##'##≈≈≈≈≈≈§≈≈≈≈#_.
...###§§≈####≈≈≈≈≈≈≈≈≈§§§§≈≈≈≈#._
#'###≈§§§≈#,#+++#+++#§§≈§≈≈≈§§#_.


You could see an Orb Guardian.

Vanquished Creatures
  the Lernaean hydra (D)
  2 golden dragons (D)
  A bone dragon (D)
  An electric golem (D)
  A hellephant (D)
  3 quicksilver dragons (D)
  A deep elf blademaster (D)
  A deep elf master archer (D)
  Murray (D)
  2 sphinxes (D)
  A kraken (D)
  2 storm dragons (D)
  Gastronok (D)
  Kirke (D)
  Roxanne (D)
  A frost giant (D)
  A draconian shifter (D)
  An orc warlord (D)
  2 cacodemons (D)
  3 lorocyprocas (D)
  A dire elephant (D)
  A crystal guardian (D)
  An iron golem (D)
  A fire dragon (D)
  A deep elf high priest (D)
  A great orb of eyes (D)
  A yaktaur captain (D)
  2 boulder beetles (D)
  An ice dragon (D)
  A centaur warrior (D)
  A death yak (D)
  An iron elemental (D)
  2 hell hogs (D)
  Sonja (D)
  A skeletal warrior (D)
  5 sixfirhies (D)
  2 death drakes (D)
  A glowing orange brain (D)
  2 deep trolls (D)
  An obsidian statue (D)
  A harpy (D)
  An oklob plant (D)
  3 orc sorcerers (D)
  15 shining eyes (D)
  3 manticores (D)
  3 toenail golems (D)
  An elephant (D)
  An orange demon (D)
  An eye of devastation (D)
  2 cane toads (D)
  2 unseen horrors (D)
  A demonic crawler (D)
  A kobold demonologist (D)
  A yaktaur (D)
  A hornet (D)
  3 polar bears (D)
  3 slime creatures (D)
  18 flying skulls (D)
  7 wyverns (D)
  2 redbacks (D)
  3 yaks (D)
  A vampire mosquito (D)
  7 water moccasins (D)
  2 swamp drakes (D)
  10 floating eyes (D)
  5 necrophages (D)
  3 black bears (D)
  2 earth elementals (D)
  4 lava snakes (D)
  An iron imp (D)
  4 orc priests (D)
  A jelly (D)
  3 worms (D)
  4 tentacles (D)
176 creatures vanquished.

Vanquished Creatures (others)
  Menkaure (D)
  A water moccasin (D)
  2 ballistomycete spores (D)
  25 tentacles (D)
29 creatures vanquished.

Grand Total: 205 creatures vanquished

Notes
Turn   | Place    | Note
-------+----------+-------------------------------------------
     0 | D        | boopmooplesden the Minotaur Berserker began the quest for
                  | the Orb.
     0 | D        | Reached XP level 1. HP: 19/19 MP: 0/0
     1 | D        | Noticed a necrophage
     1 | D        | Noticed a necrophage
     1 | D        | Noticed a necrophage
     1 | D        | Noticed a necrophage
     7 | D        | Killed a necrophage
     8 | D        | Reached XP level 2. HP: 34/34 MP: 1/1
     8 | D        | Reached XP level 3. HP: 39/39 MP: 2/2
     8 | D        | Reached XP level 4. HP: 47/47 MP: 3/3
    11 | D        | Killed a necrophage
    12 | D        | Reached XP level 5. HP: 48/57 MP: 4/4
    13 | D        | Killed a necrophage
    13 | D        | Reached ** piety under Trog
    14 | D        | Reached skill level 10 in Fighting
    14 | D        | Reached skill level 10 in Long Blades
    14 | D        | Reached skill level 5 in Armour
    17 | D        | Killed a necrophage
    18 | D        | Reached skill level 5 in Dodging
    18 | D        | Reached XP level 6. HP: 36/67 MP: 5/5
    59 | D        | Noticed a boulder beetle
   269 | D        | Killed a water moccasin
   272 | D        | Noticed a boulder beetle
   276 | D        | Noticed a wyvern
   276 | D        | Noticed a wyvern
   279 | D        | Killed a wyvern
   282 | D        | Killed a wyvern
   283 | D        | Reached XP level 7. HP: 68/77 MP: 6/6
   422 | D        | Reached *** piety under Trog
   436 | D        | Found Yczoh's Book Shop.
   436 | D        | Found Waboneg's Distillery.
   436 | D        | Found Wuoqadwy's Jewellery Shop.
   436 | D        | Found Nepyl's Jewellery Boutique.
   436 | D        | Found Leehunor's Distillery.
   436 | D        | Found Firaer's Distillery.
   436 | D        | Found Bicutaosh's Book Boutique.
   437 | D        | Found Eromua Zuont's Book Boutique.
   437 | D        | Found Bugem's Book Boutique.
   437 | D        | Found Kuxezuts's Antique Weapon Shop.
   438 | D        | Found Miocvuts's Antique Armour Boutique.
   438 | D        | Found Biamaso's Antique Armour Shop.
   438 | D        | Found Yhualuin's Distillery.
   438 | D        | Found Huamacw's Magic Scroll Boutique.
   438 | D        | Noticed a redback
   455 | D        | Noticed a vampire mosquito
   461 | D        | Killed a vampire mosquito
   461 | D        | Reached **** piety under Trog
   510 | D        | Noticed a redback
   510 | D        | Noticed an oklob plant
   511 | D        | Found Inolall's Book Shoppe.
   521 | D        | Bought a runed falchion for 162 gold pieces
   530 | D        | Bought a shiny chain mail for 172 gold pieces
   542 | D        | Noticed a yak
   544 | D        | Killed Menkaure
   563 | D        | Noticed Roxanne
   574 | D        | Found a stormy altar of Qazlal.
   574 | D        | Found an ornate altar of the Wu Jian Council.
   575 | D        | Found a hazy altar of Hepliaklqana.
   575 | D        | Found a sacrificial altar of Ru.
   576 | D        | Found a viscous altar of Jiyva.
   576 | D        | Found a shimmering blue altar of Sif Muna.
   577 | D        | Found a snail-covered altar of Cheibriados.
   577 | D        | Found an ancient bone altar of Kikubaaqudgha.
   577 | D        | Found a shimmering altar of Xom.
   577 | D        | Found a bloodstained altar of Trog.
   618 | D        | Killed a boulder beetle
   619 | D        | Reached XP level 8. HP: 43/89 MP: 7/7
   830 | D        | Killed a boulder beetle
   831 | D        | Reached skill level 15 in Fighting
   831 | D        | Reached skill level 15 in Long Blades
   913 | D        | Found a shadowy altar of Dithmenos.
   913 | D        | Found a corrupted altar of Lugonu.
   914 | D        | Found a white marble altar of Elyvilon.
   914 | D        | Found a burning altar of Makhleb.
   915 | D        | Found a blossoming altar of Fedhas.
   917 | D        | Noticed a yaktaur
   917 | D        | Noticed a hornet
   917 | D        | Noticed a polar bear
   917 | D        | Noticed a polar bear
   923 | D        | Killed a polar bear
   924 | D        | Reached XP level 9. HP: 97/97 MP: 8/8
   924 | D        | Noticed a polar bear
   929 | D        | Killed a polar bear
   930 | D        | Reached skill level 1 in Stealth
   941 | D        | Killed a yaktaur
   941 | D        | Reached ***** piety under Trog
   944 | D        | Killed a polar bear
  1203 | D        | Found an opulent altar of Gozag.
  1209 | D        | Noticed a kraken
  1362 | D        | Found a sparkling altar of Nemelex Xobeh.
  1362 | D        | Found a hide-covered altar of Uskayaw.
  1362 | D        | Found a basalt altar of Yredelemnul.
  1363 | D        | Found an iron altar of Okawaru.
  1363 | D        | Found a radiant altar of Vehumet.
  1363 | D        | Found a glowing silver altar of Zin.
  1372 | D        | Noticed a deep troll
  1372 | D        | Noticed a deep troll
  1376 | D        | Killed a deep troll
  1377 | D        | Reached skill level 10 in Armour
  1381 | D        | Killed a deep troll
  1382 | D        | Reached XP level 10. HP: 111/111 MP: 9/9
  1410 | D        | Found a glowing golden altar of the Shining One.
  1833 | D        | Bought the +3 pair of gauntlets of War {Slay+5} for 1092
                  | gold pieces
  1833 | D        | Found the +3 pair of gauntlets of War {Slay+5}
  1855 | D        | Noticed Kirke
  1855 | D        | Noticed a skeletal warrior
  1855 | D        | Noticed a yaktaur captain
  1855 | D        | Noticed a centaur warrior
  1873 | D        | Killed Kirke
  1873 | D        | Identified the +5 scimitar of the Insatiable Xalams
                  | {vorpal, Str+2 Stlth+} (Trog gifted it to you in the
                  | Dungeon)
  1873 | D        | Received a gift from Trog
  1887 | D        | Killed a skeletal warrior
  1897 | D        | Killed a centaur warrior
  1929 | D        | Killed a yaktaur captain
  1952 | D        | Reached XP level 11. HP: 64/121 MP: 10/10
  1978 | D        | Reached ****** piety under Trog
  2101 | D        | Noticed a golden dragon
  2102 | D        | Noticed a bone dragon
  2102 | D        | Noticed a storm dragon
  2134 | D        | Killed a bone dragon
  2135 | D        | Reached skill level 15 in Armour
  2142 | D        | Killed a golden dragon
  2142 | D        | Received a gift from Trog
  2148 | D        | HP: 7/186 [storm dragon (11)]
  2150 | D        | Killed a storm dragon
  2241 | D        | Noticed a cacodemon
  2245 | D        | Gained mutation: You are clumsy. (Dex -2) [a cacodemon]
  2247 | D        | HP: 5/126 [disintegration (32)]
  2249 | D        | HP: 1/126 [cacodemon (4)]
  2252 | D        | Killed a cacodemon
  2541 | D        | Noticed a frost giant
  2544 | D        | Killed a frost giant
  2613 | D        | Received a gift from Trog
  2791 | D        | Reached skill level 10 in Dodging
  2799 | D        | Noticed a hell hog
  2799 | D        | Noticed a hell hog
  2799 | D        | Noticed a fire dragon
  2802 | D        | Killed a hell hog
  2803 | D        | Reached XP level 12. HP: 125/136 MP: 11/11
  2806 | D        | Killed a fire dragon
  2810 | D        | Received a gift from Trog
  2814 | D        | Killed a hell hog
  3056 | D        | Found Linig's Antique Weapon Emporium.
  3056 | D        | Found Exariogg's Armour Shop.
  3056 | D        | Found Diyntyuru's Book Shop.
  3056 | D        | Found Aheynt's Distillery.
  3056 | D        | Found Syomoph's Jewellery Boutique.
  3057 | D        | Found Qutrajy's Book Shoppe.
  3057 | D        | Found Haump's General Store.
  3057 | D        | Found Inlemm's Weapon Emporium.
  3057 | D        | Found Lebaybb's Weapon Shop.
  3057 | D        | Found Xibuklar's Assorted Antiques.
  3057 | D        | Found Becoth's Antique Weapon Shop.
  3057 | D        | Found Soekum's Armour Shoppe.
  3070 | D        | Bought the ring of Vues {rElec rF+ rC- rN+ Int+4} for 446
                  | gold pieces
  3132 | D        | Noticed a storm dragon
  3137 | D        | Killed a storm dragon
  3229 | D        | Found Ylus's Weapon Boutique.
  3229 | D        | Found Zifioth's Magic Scroll Shop.
  3229 | D        | Found Kyuset's Jewellery Emporium.
  3229 | D        | Found Tofovvam's Assorted Antiques.
  3229 | D        | Noticed a golden dragon
  3235 | D        | Killed a golden dragon
  3310 | D        | Killed a kraken
  3539 | D        | Noticed a sphinx
  3539 | D        | Noticed a sphinx
  3543 | D        | Killed a sphinx
  3543 | D        | Received a gift from Trog
  3546 | D        | Killed a sphinx
  3607 | D        | Identified the +7 great sword of Noesuerph {flame, rElec
                  | rC- rN+ Dex+5} (Trog gifted it to you in the Dungeon)
  3607 | D        | Received a gift from Trog
  3640 | D        | Found Zusaho's Book Shoppe.
  3641 | D        | Found Feduw's Distillery.
  4019 | D        | Received a gift from Trog
  4136 | D        | Noticed Gastronok
  4141 | D        | Killed Gastronok
  4142 | D        | Reached XP level 13. HP: 150/150 MP: 12/12
  4150 | D        | Noticed a dire elephant
  4155 | D        | Killed a dire elephant
  4162 | D        | Received a gift from Trog
  4163 | D        | Found the +7 lajatang of Order {silver, rMut}
  4203 | D        | Identified the +2 plate armour of Myezxiyr {rN+ Dex+4}
  4207 | D        | Identified the ring of Tauteol {Drain rN+ Will+++ Str+3
                  | Dex+2}
  4223 | D        | Identified the +2 dagger of the Head {antimagic, Int+4}
  4273 | D        | Identified the +5 great sword "Giantbane" {vorpal, Str+4}
                  | (Trog gifted it to you in the Dungeon)
  4273 | D        | Received a gift from Trog
  4275 | D        | Noticed a deep elf blademaster
  4292 | D        | Killed a deep elf blademaster
  4407 | D        | Received a gift from Trog
  4633 | D        | Gained mutation: Your spells are a little easier to cast,
                  | but a little less powerful. [a shining eye]
  4633 | D        | Gained mutation: You are very clumsy. (Dex -4) [a shining
                  | eye]
  4633 | D        | Paralysed by a floating eye for 3 turns
  4636 | D        | Gained mutation: You are weak. (Str -2) [a shining eye]
  4640 | D        | Gained mutation: You tend to lose your temper in combat. [a
                  | shining eye]
  4642 | D        | Paralysed by a floating eye for 2 turns
  4643 | D        | Gained mutation: Potions are less effective at restoring
                  | your health. [a shining eye]
  4644 | D        | Gained mutation: Your flesh is heat resistant. (rF+) [a
                  | shining eye]
  4644 | D        | Gained mutation: You sometimes lose the ability to read
                  | scrolls when taking damage. [a shining eye]
  4645 | D        | Received a gift from Trog
  4646 | D        | Gained mutation: You are dopey. (Int -2) [a shining eye]
  4647 | D        | Gained mutation: You occasionally shout uncontrollably at
                  | your foes. [a shining eye]
  4649 | D        | Gained mutation: You often lose your temper in combat. [a
                  | shining eye]
  4651 | D        | Gained mutation: You have an uncontrollable temper. [a
                  | shining eye]
  4651 | D        | Paralysed by a floating eye for 2 turns
  4652 | D        | Gained mutation: Your body sometimes deteriorates upon
                  | taking damage. [a shining eye]
  4653 | D        | Gained mutation: Your magical capacity is low. (-10% MP) [a
                  | shining eye]
  4656 | D        | Received a gift from Trog
  4661 | D        | Gained mutation: You are very weak. (Str -4) [a shining
                  | eye]
  4661 | D        | Gained mutation: You are frail. (-10% HP) [a shining eye]
  4667 | D        | Gained mutation: You are very frail. (-20% HP) [a shining
                  | eye]
  4668 | D        | Gained mutation: You are extremely frail. (-30% HP) [a
                  | shining eye]
  4669 | D        | Gained mutation: Your body often deteriorates upon taking
                  | damage. [a shining eye]
  4674 | D        | Lost mutation: You are extremely frail. (-30% HP) [a
                  | shining eye]
  4675 | D        | Gained mutation: You have hidden genetic defects. [a
                  | shining eye]
  4689 | D        | Lost mutation: You have hidden genetic defects. [potion of
                  | mutation]
  4689 | D        | Lost mutation: Your flesh is heat resistant. (rF+) [potion
                  | of mutation]
  4689 | D        | Lost mutation: Your magical capacity is low. (-10% MP)
                  | [potion of mutation]
  4689 | D        | Lost mutation: You sometimes lose the ability to read
                  | scrolls when taking damage. [potion of mutation]
  4689 | D        | Lost mutation: You are very frail. (-20% HP) [potion of
                  | mutation]
  4689 | D        | Gained mutation: You are strong-willed. (Will+) [potion of
                  | mutation]
  4690 | D        | Lost mutation: You occasionally shout uncontrollably at
                  | your foes. [potion of mutation]
  4690 | D        | Lost mutation: You are strong-willed. (Will+) [potion of
                  | mutation]
  4690 | D        | Lost mutation: You are frail. (-10% HP) [potion of
                  | mutation]
  4690 | D        | Gained mutation: Your magical capacity is low. (-10% MP)
                  | [potion of mutation]
  4691 | D        | Lost mutation: You are very clumsy. (Dex -4) [potion of
                  | mutation]
  4691 | D        | Lost mutation: You are clumsy. (Dex -2) [potion of
                  | mutation]
  4691 | D        | Gained mutation: You are robust. (+10% HP) [potion of
                  | mutation]
  4692 | D        | Lost mutation: You have an uncontrollable temper. [potion
                  | of mutation]
  4692 | D        | Lost mutation: You are robust. (+10% HP) [potion of
                  | mutation]
  4692 | D        | Lost mutation: You are dopey. (Int -2) [potion of mutation]
  4692 | D        | Lost mutation: You often lose your temper in combat.
                  | [potion of mutation]
  4692 | D        | Lost mutation: Your spells are a little easier to cast, but
                  | a little less powerful. [potion of mutation]
  4692 | D        | Gained mutation: You passively dampen the noise of your
                  | surroundings. [potion of mutation]
  4693 | D        | Lost mutation: You passively dampen the noise of your
                  | surroundings. [potion of mutation]
  4693 | D        | Lost mutation: Potions are less effective at restoring your
                  | health. [potion of mutation]
  4693 | D        | Lost mutation: You are very weak. (Str -4) [potion of
                  | mutation]
  4693 | D        | Gained mutation: Your system is resistant to poisons.
                  | (rPois) [potion of mutation]
  4694 | D        | Lost mutation: Your magical capacity is low. (-10% MP)
                  | [potion of mutation]
  4694 | D        | Lost mutation: Your system is resistant to poisons. (rPois)
                  | [potion of mutation]
  4694 | D        | Gained mutation: You occasionally shout uncontrollably at
                  | your foes. [potion of mutation]
  4695 | D        | Lost mutation: You occasionally shout uncontrollably at
                  | your foes. [potion of mutation]
  4695 | D        | Lost mutation: You tend to lose your temper in combat.
                  | [potion of mutation]
  4695 | D        | Lost mutation: Your body often deteriorates upon taking
                  | damage. [potion of mutation]
  4695 | D        | Gained mutation: You tend to lose your temper in combat.
                  | [potion of mutation]
  4696 | D        | Lost mutation: Your body sometimes deteriorates upon taking
                  | damage. [potion of mutation]
  4696 | D        | Lost mutation: You tend to lose your temper in combat.
                  | [potion of mutation]
  4696 | D        | Lost mutation: You are weak. (Str -2) [potion of mutation]
  4696 | D        | Gained mutation: You do not regenerate when monsters are
                  | visible. [potion of mutation]
  4697 | D        | Lost mutation: You do not regenerate when monsters are
                  | visible. [potion of mutation]
  4697 | D        | Gained mutation: You are covered in fur. (AC +1) [potion of
                  | mutation]
  4697 | D        | Gained mutation: You do not regenerate when monsters are
                  | visible. [potion of mutation]
  4697 | D        | Gained mutation: You have large cloven feet. [potion of
                  | mutation]
  4698 | D        | Lost mutation: You are covered in fur. (AC +1) [potion of
                  | mutation]
  4698 | D        | Lost mutation: You have large cloven feet. [potion of
                  | mutation]
  4698 | D        | Gained mutation: Armour fits poorly on your strangely
                  | shaped body. [potion of mutation]
  4698 | D        | Gained mutation: You expend magic power (3 MP) to
                  | strengthen your wands. [potion of mutation]
  4698 | D        | Gained mutation: You are strong-willed. (Will+) [potion of
                  | mutation]
  4699 | D        | Lost mutation: You do not regenerate when monsters are
                  | visible. [potion of mutation]
  4699 | D        | Lost mutation: You expend magic power (3 MP) to strengthen
                  | your wands. [potion of mutation]
  4699 | D        | Lost mutation: Armour fits poorly on your strangely shaped
                  | body. [potion of mutation]
  4699 | D        | Gained mutation: You are dopey. (Int -2) [potion of
                  | mutation]
  4699 | D        | Gained mutation: You have large cloven feet. [potion of
                  | mutation]
  4699 | D        | Gained mutation: You are highly strong-willed. (Will++)
                  | [potion of mutation]
  4742 | D        | Noticed a hellephant
  4742 | D        | Noticed Sonja
  4744 | D        | Noticed a purple draconian shifter
  4752 | D        | Killed Sonja
  4752 | D        | Received a gift from Trog
  4755 | D        | Killed a purple draconian shifter
  4972 | D        | Killed a hellephant
  5064 | D        | Killed Roxanne
  5078 | D        | Noticed an orc warlord
  5081 | D        | Noticed the 27-headed Lernaean hydra
  5093 | D        | Received a gift from Trog
  5093 | D        | Gained mutation: Armour fits poorly on your strangely
                  | shaped body. [mutagenic glow]
  5112 | D        | Lost mutation: You are dopey. (Int -2) [mutagenic glow]
  5114 | D        | Reached skill level 27 in Fighting
  5160 | D        | Killed an orc warlord
  5160 | D        | Identified the +4 long sword "Fojobos" {vorpal, *Corrode
                  | rPois rC+++ Str-4} (Trog gifted it to you in the Dungeon)
  5160 | D        | Received a gift from Trog
  5190 | D        | Reached XP level 14. HP: 129/168 MP: 13/13
  5298 | D        | Killed the 25-headed Lernaean hydra
  5299 | D        | Reached skill level 27 in Long Blades
  5306 | D        | Found Asuinkal's Armour Shoppe.
  5429 | D        | Received a gift from Trog
  5773 | D        | Noticed an electric golem
  5792 | D        | Received a gift from Trog
  6209 | D        | Killed an electric golem
  6242 | D        | Noticed a deep elf master archer
  6252 | D        | Received a gift from Trog
  6463 | D        | Killed a deep elf master archer
  6608 | D        | Gained mutation: You are frail. (-10% HP) [a shining eye]
  6615 | D        | Received a gift from Trog
  6651 | D        | Identified the +7 shortbow "Hell-Harrower" {freeze, Str+4}
  6927 | D        | Identified the +1 long sword of Luoli {vorpal, rPois Str-5
                  | Dex+7 Stlth+} (Trog gifted it to you in the Dungeon)
  6927 | D        | Received a gift from Trog
  6945 | D        | Identified the ring of Usagampa {Fly Dex+3}
  7349 | D        | Noticed a quicksilver dragon
  7353 | D        | Killed a quicksilver dragon
  7382 | D        | Noticed a quicksilver dragon
  7387 | D        | Reached skill level 27 in Armour
  7388 | D        | Noticed a quicksilver dragon
  7392 | D        | Killed a quicksilver dragon
  7393 | D        | Reached skill level 5 in Stealth
  7398 | D        | Killed a quicksilver dragon
  7438 | D        | Received a gift from Trog
  7662 | D        | Noticed Murray
  7665 | D        | Got the Orb of Zot
  7683 | D        | Killed Murray
  7726 | D        | Noticed a cacodemon
  7734 | D        | Killed a cacodemon
  7771 | D        | Noticed an angel
  7774 | D        | Noticed an Orb Guardian
  7796 | D        | Escaped with the Orb!

Illustrated notes

Levels and vault maps discovered:
D:        the_violet_keep_of_menkaure [sprint2_stairs_cluster_1,
          sprint2_shoproom, sprint2_temple, sprint2_basic_supplies,
          sprint2_obstacle_6, sprint2_obstacle_1, sprint2_obstacle_5,
          sprint2_obstacle_4, sprint2_obstacle_3, sprint2_timed_cluster_1,
          sprint2_smallroom_cluster_1, sprint2_smallroom_final_cluster_1,
          sprint2_transparent_cluster_1, sprint2_second_timed_cluster_1,
          sprint2_sniper_area_1, sprint2_heavy_combat_area_1,
          sprint2_mutation_trap_area_1, sprint2_forest_area_1,
          sprint2_light_combat_area_1, sprint2_behind_water_1,
          sprint2_near_end_vault_1]

Skill      XL: |  1  2  3  4  5  6  7  8  9 10 11 12 13 14 |
---------------+-------------------------------------------+-----
Fighting       | 7 9 10 12 14 15 17 18 21 23 27 | 27.0
Long Blades    | 7 9 10 12 14 16 18 19 20 23 26 27 | 27.0
Armour         | 4 5 6 7 8 11 14 18 20 21 27 | 27.0
Dodging        | 3 4 5 6 7 8 9 10 11 14 | 14.5
Stealth        | 1 2 9 |  9.6

Action                   |  1- 3 |  4- 6 |  7- 9 | 10-12 | 13-15 || total
-------------------------+-------+-------+-------+-------+-------++-------
Melee: Falchion          |     5 |    15 |    86 |    21 |       ||   127
       Headbutt          |     1 |     5 |    16 |    39 |    53 ||   114
       Scimitar          |       |       |       |    68 |       ||    68
       Punch             |       |       |       |     1 |       ||     1
       Triple sword      |       |       |       |    87 |   139 ||   226
       Kick              |       |       |       |       |    29 ||    29
       Great sword       |       |       |       |       |    95 ||    95
Invok: Berserk           |     1 |     1 |     6 |     7 |    13 ||    28
  Use: Potion            |       |       |     1 |     2 |    27 ||    30
       Scroll            |       |       |       |     7 |     3 ||    10
Armor: Animal skin       |       |       |     2 |       |       ||     2
       Chain mail        |       |       |    36 |   104 |     4 ||   144
       Plate armour      |       |       |       |       |   124 ||   124
Dodge: Dodged            |     1 |     1 |    39 |    71 |   158 ||   270
